Map: Emerald City LE

Players

MattBarry

  • Race: Protoss Protoss
  • Spawn Location: 5:00

MattBarry

  • Race: Zerg Zerg
  • Spawn Location: 5:00

StinkyTofu - Winner!

  • Race: Terran Terran
  • League: Gold
  • Spawn Location: 11:00

lonelyturtle - Winner!

  • Race: Terran Terran
  • League: Platinum
  • Spawn Location: 11:00

VOD

Have the link to the VOD?

Description

Time

  • Played on: Jan. 2, 2023, 10:32 p.m.
  • Length: 13:02
Show
View Real Time Build Order
Export as new Build Order

MattBarry Protoss 

Build Orders:  

Get SALT Encoding   

  12  0:00  Probe  
  13  0:12  Probe  
  14  0:29  Probe  
  15  0:46  Pylon  
  15  1:04  Probe  
  15  1:05  Gateway  
  15  1:07  Gateway  
  16  1:12  Pylon  
  16  1:16  Probe  
  16  1:17  Assimilator  
  17  1:38  Forge  
  17  1:52  Zealot  
  19  1:54  Zealot  
  19  2:00  Cybernetics Core  
  21  2:03  Probe  
  22  2:16  Probe  
  22  2:23  Zealot x2  
  26  2:50  Stalker x2  
  26  3:06  Probe  
  27  3:14  Gateway  
  27  3:18  Gateway  
  23  3:20  Gateway, Stalker  
  23  3:24  Probe  
  26  3:41  Probe  
  27  3:52  Stalker x2 (Chrono Boost)  
  31  3:56  Pylon  
  31  3:57  Pylon  
  31  4:14  Probe  
  36  4:18  Zealot x2 (Chrono Boost)  
  36  4:22  Stalker x2 (Chrono Boost)  
  40  4:52  Zealot x3  
  44  4:53  Zealot  
  44  4:54  Pylon  
  44  4:56  Pylon  
  44  4:59  Warp Gate  
  46  5:03  Shield Battery  
  46  5:13  Shield Battery  
  41  5:36  Stalker x2  
  41  5:37  Stalker  
  41  5:42  Pylon  
  47  5:53  Stalker  
  49  6:06  Assimilator  
  49  6:31  Nexus  
  49  6:42  Robotics Facility  
  49  6:45  Probe  
  46  6:55  Stalker x2  
  46  6:57  Probe  
  51  7:09  Probe  
  52  7:21  Probe  
  39  7:31  Zealot x4  
  41  7:46  Probe  
  41  7:48  Observer  
  43  7:56  Sentry x2  
  43  7:57  Zealot x2  
  51  7:58  Probe  
  52  8:21  Zealot  
  52  8:22  Zealot  
  52  8:23  Zealot  
  44  8:44  Stalker x2  
  44  8:45  Stalker  
  44  8:56  Probe x2  
  46  9:08  Probe  
  47  9:14  Cybernetics Core  
  47  9:16  Gateway  
  47  9:24  Probe  
  47  9:25  Probe  
  47  9:29  Pylon  
  47  9:31  Pylon  
  49  9:37  Probe x2  
  51  9:45  Assimilator  
  51  9:49  Assimilator  
  51  9:50  Twilight Council  
  51  9:55  Gateway  
  51  10:00  Stalker  
  53  10:12  Probe  
  54  10:15  Pylon  
  54  10:17  Pylon  
  54  10:18  Probe  
  54  10:19  Pylon  
  51  10:28  Stalker  
  48  10:33  Observer  
  49  10:51  Stalker x2  
  53  11:03  Templar Archives  
  53  11:10  Pylon  
  53  11:16  Probe x2  
  48  11:38  Probe x2  
  48  11:39  Zealot x2  
  54  11:42  Psionic Storm  
  54  11:46  Pylon  
  54  11:49  Gateway  
  54  11:50  Probe x2  
  56  11:55  Gateway  
  56  12:00  Zealot  
  58  12:02  Probe x2  
  58  12:05  Stalker  
  62  12:14  Probe  
  47  12:48  Zealot x3  
Show
View Real Time Build Order
Export as new Build Order

MattBarry Zerg 

Build Orders: Pool First 

Get SALT Encoding   

  12  0:19  Spawning Pool  
  11  0:24  Drone  
  11  0:27  Drone  
  13  0:36  Drone  
  14  0:44  Extractor  
  14  0:45  Drone  
  15  0:54  Overlord  
  15  0:58  Extractor  
  15  1:00  Extractor  
  13  1:06  Evolution Chamber, Drone  
  13  1:08  Drone  
  15  1:23  Queen  
  15  1:25  Zergling x2  
  18  1:33  Zergling x2  
  19  1:44  Zergling x2  
  20  1:58  Zergling x2  
  21  2:18  Metabolic Boost  
  21  2:22  Zergling x2  
  21  2:47  Overlord x2  
  21  2:58  Overlord  
  21  3:07  Drone x3  
  24  3:21  Zergling x2  
  25  3:32  Zergling x2  
  26  3:39  Hatchery  
  25  3:49  Drone  
  25  3:50  Drone x3  
  29  4:05  Roach Warren  
  29  4:08  Lair  
  28  4:15  Drone  
  29  4:29  Zerg Ground Armor Level 1  
  29  4:31  Hatchery  
  23  4:48  Roach  
  23  4:49  Roach x5  
  34  4:58  Queen  
  36  5:08  Queen  
  38  5:16  Glial Reconstitution  
  38  5:25  Zergling x4  
  38  5:26  Zergling x2  
  41  5:29  Zergling x2  
  42  5:56  Drone x2  
  42  5:57  Drone  
  45  6:04  Queen  
  45  6:09  Drone x6  
  53  6:20  Ravager  
  53  6:21  Ravager  
  55  6:31  Zergling x2  
  55  6:32  Zergling x4  
  58  6:33  Overlord x2  
  51  7:01  Zergling x2  
  51  7:02  Zergling x12  
  51  7:07  Drone x5  
  63  7:15  Drone x4  
  67  7:17  Overlord  
  61  7:48  Baneling Nest  
  61  7:50  Extractor  
  59  7:53  Overlord  
  59  7:54  Drone x2  
  59  7:55  Drone  
  59  7:56  Roach x8  
  63  8:40  Zerg Missile Weapons Level 1  
  63  8:54  Drone x2  
  63  8:55  Drone x4  
  55  9:06  Hydralisk Den  
  53  9:34  Queen  
  55  9:47  Drone  
  55  9:48  Drone x7  
  55  9:49  Drone x4  
  55  9:51  Roach  
  55  9:52  Roach x7  
  85  9:53  Roach x2  
  85  9:56  Zergling x2  
  85  9:57  Zergling x4  
  90  10:00  Overlord x3  
  90  10:13  Extractor  
  89  10:16  Extractor  
  88  10:34  Ravager x3  
  68  11:30  Queen  
  66  11:41  Spore Crawler  
  66  11:46  Spore Crawler  
  64  11:48  Spore Crawler  
  64  11:51  Spore Crawler  
  64  11:52  Spore Crawler  
  64  11:54  Spore Crawler  
  60  11:56  Roach x3  
  60  11:57  Roach x4, Overlord x3  
  60  11:59  Spore Crawler  
  73  12:02  Spore Crawler, Drone x2  
  73  12:03  Drone x4  
  73  12:06  Queen, Overlord  
  73  12:07  Overlord x2  
  80  12:10  Overlord  
  80  12:15  Hydralisk Den  
  79  12:17  Zergling x2  
  79  12:18  Zergling x24  
  94  12:33  Extractor  
  94  12:36  Extractor  
Show
View Real Time Build Order
Export as new Build Order

StinkyTofu Terran - Winner!

Build Orders: Reaper Expand 

Get SALT Encoding   

  12  0:01  SCV  
  13  0:17  Supply Depot  
  13  0:19  SCV  
  14  0:31  SCV  
  15  0:40  Barracks  
  15  0:45  SCV, Refinery  
  16  0:59  SCV  
  17  1:11  SCV  
  18  1:23  SCV  
  19  1:29  Reaper  
  20  1:36  SCV  
  20  1:39  Command Center  
  21  1:54  Refinery  
  21  1:57  Barracks  
  21  2:12  Barracks Reactor  
  21  2:23  Orbital Command  
  21  2:24  Factory  
  21  2:50  Marine x2  
  23  3:08  Marine  
  24  3:25  Factory Reactor  
  24  3:31  Starport  
  24  3:32  Barracks Tech Lab  
  21  3:55  Orbital Command  
  21  3:59  SCV, Stimpack  
  21  4:01  Marine x2  
  24  4:04  Widow Mine  
  26  4:15  Supply Depot  
  26  4:19  Marine  
  28  4:25  Barracks Tech Lab  
  27  4:37  Marine  
  28  4:53  Bunker  
  28  5:01  Marine, Combat Shield  
  28  5:02  Marine  
  28  5:04  Liberator  
  33  5:07  SCV  
  36  5:14  Widow Mine  
  36  5:19  Marine x2  
  36  5:20  SCV  
  37  5:37  Marine  
  38  6:14  Starport Reactor  
  38  6:19  Factory Tech Lab  
  38  6:20  Orbital Command  
  38  6:26  Marine x2  
  38  6:28  SCV  
  41  6:40  SCV  
  41  6:43  Orbital Command  
  42  6:50  Marine x2  
  44  7:08  Marine x2  
  45  7:29  Liberator  
  44  7:37  Liberator  
  44  7:39  Marine  
  46  8:07  Supply Depot, Orbital Command  
  46  8:08  Supply Depot  
  46  8:10  Marine  
  46  8:11  Marine  
  46  8:28  Marine x2, Liberator, Siege Tank  
  53  8:36  Supply Depot  
  53  8:37  Supply Depot  
  50  8:46  Marine x2  
  50  9:00  Siege Tank  
  51  9:04  Marine x2  
  51  9:08  Barracks  
  53  9:10  Barracks  
  53  9:11  Supply Depot  
  53  9:17  SCV  
  53  9:21  Marine  
  53  9:22  Marine  
  53  9:23  Medivac  
  53  9:24  Medivac  
  60  9:29  SCV  
  61  9:32  Siege Tank  
  64  9:39  Marine  
  64  9:40  Marine  
  66  9:48  SCV  
  66  9:49  SCV  
  66  9:51  Concussive Shells  
  68  9:53  Medivac  
  68  9:57  Marine x2  
  72  10:01  Supply Depot, SCV x2, Barracks Reactor  
  72  10:05  Siege Tank  
  72  10:06  Supply Depot, Barracks Reactor, Command Center  
  77  10:11  Refinery  
  77  10:13  SCV x2  
  79  10:15  Marine  
  80  10:23  Supply Depot  
  80  10:39  Marine x4  
  80  10:41  Siege Tank  
  80  10:42  Medivac x2  
  91  10:46  Supply Depot  
  91  10:47  Supply Depot  
  91  10:49  Supply Depot  
  91  10:57  Marine  
  92  11:06  SCV  
  92  11:07  SCV  
  94  11:12  Medivac  
  96  11:19  SCV x2  
  96  11:24  Marine x3  
  96  11:25  Marine  
  102  11:26  Siege Tank  
  102  11:36  Marine x2  
  98  11:42  Marine x3  
  98  11:45  Orbital Command  
  101  11:58  Marine x3, Siege Tank  
  101  12:00  Marine x3, Medivac x2  
  114  12:04  Engineering Bay  
  114  12:07  Engineering Bay  
  114  12:09  Supply Depot  
  114  12:16  Marine  
  115  12:25  Marine x2  
  115  12:26  Marine x3  
  120  12:34  Marine  
  121  12:43  Marine  
  121  12:44  Marine x4  
Show
View Real Time Build Order
Export as new Build Order

lonelyturtle Terran - Winner!

Build Orders: Reaper Expand 

Get SALT Encoding   

  12  0:00  SCV  
  13  0:13  Supply Depot  
  13  0:18  SCV  
  14  0:36  Barracks  
  14  0:41  SCV  
  15  0:44  Refinery  
  15  0:53  SCV  
  16  1:05  SCV  
  17  1:18  SCV  
  18  1:21  Refinery  
  18  1:28  Reaper  
  18  1:32  Orbital Command  
  19  1:59  Command Center  
  19  2:12  Factory  
  19  2:18  Barracks Reactor  
  19  2:26  SCV  
  20  2:59  Marine x2  
  22  3:11  Hellion  
  24  3:13  Orbital Command  
  24  3:17  Marine x2  
  25  3:35  Marine x2  
  25  3:36  Orbital Command  
  25  3:53  Marine x2  
  27  4:05  SCV x2  
  27  4:09  Barracks, Factory Tech Lab  
  29  4:10  Marine  
  29  4:11  Barracks, Marine  
  31  4:18  Starport, SCV  
  32  4:28  Marine x2  
  31  4:40  Siege Tank  
  32  4:56  Starport Reactor  
  32  5:26  Supply Depot  
  32  5:31  Barracks Tech Lab  
  32  5:34  Barracks Reactor  
  32  5:47  Marine x2, Medivac x2  
  32  5:49  Supply Depot  
  38  6:11  Marine x2, SCV x2, Siege Tank  
  45  6:23  Marine  
  46  6:27  Stimpack  
  46  6:47  Marine x2  
  46  6:50  Marine  
  46  6:56  Marine  
  46  6:57  Marine  
  46  7:21  SCV, Medivac  
  45  7:24  Marine, Siege Tank  
  45  7:25  Marauder  
  45  7:26  Marine  
  46  7:34  SCV  
  46  7:39  Marine x2  
  46  7:42  Marine  
  45  7:44  Marine  
  46  8:16  Marine x2  
  46  8:21  Marine  
  46  8:22  Marine  
  45  8:28  Marauder  
  45  8:34  Marine  
  45  8:37  Marine  
  45  8:39  Siege Tank  
  46  8:47  Orbital Command  
  46  8:55  Marine  
  46  8:57  Marine  
  46  8:58  Marine  
  46  8:59  Marine  
  46  9:56  Supply Depot  
  46  9:57  Supply Depot  
  46  9:58  Supply Depot  
  46  10:01  Combat Shield  
  46  10:02  Supply Depot  
  46  10:03  Supply Depot  
  46  10:10  Barracks  
  46  10:12  Engineering Bay  
  46  10:13  Barracks  
  46  10:17  Marine x4, Medivac, SCV x2, Engineering Bay  
  46  10:18  Medivac  
  46  10:19  Marauder, Siege Tank  
  61  10:29  SCV x2  
  61  10:35  Marine x4  
  67  10:40  Marauder  
  67  10:41  SCV x2  
  71  10:49  Command Center  
  71  10:51  Siege Tank  
  71  10:52  Marine x4  
  71  10:53  SCV x2  
  80  11:02  Marauder  
  82  11:06  SCV x2  
  82  11:10  Marine x2  
  86  11:15  Barracks Reactor  
  86  11:16  Barracks Tech Lab  
  86  11:20  Concussive Shells  
  86  11:28  Armory  
  86  12:01  Marine x6, SCV x2, Marauder x2, Medivac  
  100  12:13  SCV  
  101  12:31  Supply Depot  
  101  12:33  Supply Depot, Marine x2, SCV  
  101  12:34  Supply Depot  
  101  12:36  Supply Depot  
Tags
 
Add a new tag
Caveats
  • Supply blocks, unpowered buildings, or Contaminate may cause inaccurate times.
  • Supply counts are checked every 10 seconds.